 Dungeon Crawl Stone Soup version 0.30-b1-2-g02819fbbbe (webtiles) character file.

Game seed: 12794065749092372998

6101 2tc the Cruncher (level 10, -4/67 HPs)
             Began as a Demonspawn Gladiator on Aug 17, 2023.
             Slain by an orc warrior
             ... wielding a +0 war axe
              (8 damage)
             ... on level 9 of the Dungeon on Aug 19, 2023.
             The game lasted 01:05:49 (13407 turns).

2tc the Cruncher (Demonspawn Gladiator)            Turns: 13407, Time: 01:05:50

Health: -4/67      AC: 12    Str: 16    XL:     10   Next: 58%
Magic:  10/10      EV: 14    Int: 11    God:
Gold:   428        SH:  0    Dex: 16    Spells: 6/9 levels left

rFire   + + .        B - staff of fire
rCold   . . .        (no shield)
rNeg    . . .        t - +3 leather armour
rPois   .            c - +0 helmet
rElec   .            h - +0 cloak
rCorr   +            o - +0 pair of gloves
SInv    +            x - +1 pair of boots "Cogex" {rF+}
Will    .....        s - amulet of magic regeneration
Stlth   +            n - ring of see invisible
HPRegen 0.31/turn    C - ring of resist corrosion
MPRegen 0.52/turn

%: no passive effects
@: no status effects
A: ignite blood 1, spiny 1, sturdy frame 1, weakness stinger 1
a: no special abilities


You were on level 9 of the Dungeon.
You visited 2 branches of the dungeon, and saw 10 of its levels.

You collected 461 gold pieces.
You spent 33 gold pieces at shops.

Inventory:

Hand Weapons
 a - a +1 quarterstaff
 q - the +6 shillelagh "Devastator" {shatter}
   (You found it on level 7 of the Dungeon)
 D - a +2 whip of flaming
Missiles
 f - 95 stones (quivered)
 j - 4 silver boomerangs
 r - 9 boomerangs
 w - 17 poisoned darts
Armour
 c - a +0 helmet (worn)
 h - a +0 cloak (worn)
 o - a +0 pair of gloves (worn)
 t - a +3 leather armour (worn)
 u - the +4 ring mail "Zedghol" {Will+ MP+9 Str-2 Dex+3}
   (You found it on level 3 of the Dungeon)

   Str:       It affects your strength (-2).
   Dex:       It affects your dexterity (+3).
   MP:        It affects your magic capacity (+9).
   Will:      It increases your willpower.
 x - the +1 pair of boots "Cogex" (worn) {rF+}
   (You found it on level 6 of the Dungeon)

   rF:        It protects you from fire.
Magical Staves
 B - a staff of fire (weapon)
Jewellery
 d - a ring of ice
 n - a ring of see invisible (left hand)
 s - an amulet of magic regeneration (around neck)
 C - a ring of resist corrosion (right hand)
Wands
 b - a wand of charming (9)
 g - a wand of flame (13)
 z - a wand of polymorph (8)
Scrolls
 k - a scroll of teleportation
 y - a scroll of silence
 A - 2 scrolls of identify
 F - a scroll of magic mapping
Potions
 i - a potion of attraction
 l - a potion of flight
 m - 4 potions of brilliance
 p - a potion of magic
 v - 3 potions of mutation
Miscellaneous
 E - a condenser vane


   Skills:
 - Level 2.0 Fighting
 - Level 12.0 Staves
 - Level 6.0 Throwing
 - Level 5.0 Armour
 - Level 5.0 Dodging
 - Level 0.7 Necromancy
 + Level 1.4 Evocations


You had 6 spell levels left.
You knew the following spells:

 Your Spells              Type           Power      Damage    Failure   Level
a - Vampiric Draining     Necr           1%         2d6       63%         3

Your spell library contained the following spells:

 Spells                   Type           Power      Damage    Failure   Level
 Necrotise                Necr           4%         1d4       26%         1
 Kiss of Death            Conj/Necr      0%         2d5       32%         1
 Sublimation of Blood     Necr           1%         N/A       38%         2
 Poisonous Vapours        Pois/Air       0%         N/A       50%         2
 Wereblood                Tmut           0%         N/A       50%         2
 Confusing Touch          Hex            0%         N/A       73%         3
 Mephitic Cloud           Conj/Pois/Air  0%         N/A       73%         3
 Ozocubu's Armour         Ice            0%         N/A       73%         3
 Dispel Undead            Necr           1%         3d6       95%         4
 Cause Fear               Hex            0%         N/A       98%         4
 Agony                    Necr           1%         N/A       100%        5
 Freezing Cloud           Conj/Ice/Air   0%         6-21      100%        5
 Dragon Form              Tmut           0%         N/A       100%        7
 Ozocubu's Refrigeration  Ice            0%         4d7       100%        7
 Summon Hydra             Summ           0%         N/A       100%        7
 Dragon's Call            Summ           0%         N/A       100%        9


Dungeon Overview and Level Annotations

Branches:
Dungeon (9/15)             Temple (1/1) D:5            Lair (0/5) D:9
    Orc (0/2) D:9

Altars:
Ashenzari
Cheibriados
Dithmenos
Fedhas
Gozag
Hepliaklqana
Kikubaaqudgha
Nemelex Xobeh
Okawaru
Qazlal
Trog
Vehumet
Wu Jian
Xom
Yredelemnul

Shops:
D:2 =?[*   D:3 (   D:5 [

Annotations:
D:6 1 exclusion
D:7 2 transporters, Termiter's ghost, novice DsNe


Innate Abilities, Weirdness & Mutations

Your demonic aura sometimes causes spilled blood to erupt in flames.
You are partially covered in sharp spines.
Your movements are slightly less encumbered by armour. (ER -2)
You have a small tail.


Message History

You hit the orc warrior but do no damage.
The orc warrior is severely wounded.
The orc warrior hits you with a +0 war axe.
* * * LOW HITPOINT WARNING * * *
The kobold brigand hits you with a +0 whip.
* * * LOW HITPOINT WARNING * * *
You hit the orc warrior but do no damage.
The orc warrior is severely wounded.
The orc warrior hits you but does no damage.
The kobold brigand closely misses you.
You closely miss the orc warrior.
You tail-slap the orc warrior, but do no damage.
The orc warrior is severely wounded.
You hit the orc warrior but do no damage.
The orc warrior is severely wounded.
The orc warrior is struck by your spines.
The orc warrior completely misses you.
The kobold brigand is struck by your spines.
You kill the kobold brigand!
You hit the orc warrior but do no damage.
The orc warrior is almost dead.
You hit the orc warrior but do no damage.
Your tail-slap misses the orc warrior.
The orc warrior is almost dead.
The orc warrior hits you with a +0 war axe.
* * * LOW HITPOINT WARNING * * *
You hit the orc warrior.
The orc warrior is almost dead.
The orc warrior misses you.
You barely miss the orc warrior.
The orc warrior is almost dead.
You hit the orc warrior but do no damage.
The orc warrior is almost dead.
The orc warrior barely misses you.
You hit the orc warrior but do no damage.
The orc warrior is almost dead.
You barely miss the orc warrior.
The orc warrior is almost dead.
The orc warrior hits you with a +0 war axe!
You die...

#....########.#.#
#...........#.#.#
##........#.#.#.#
####....###.#.#.#.#
#....#.#......#.#.#
#########....#.#........#.#
.............#<#....#...#.#
.....####.>..#.#....#.#.#.#
.....#
#....#.o@)..#.#.#.#######
....##
#....######.#.#.#.#......
....# #.####
#.#.#...#.##.## ....# #.#
#######.#.#####.##.#
#.#######.###.<..##K#.#
#.##.#
#.#.....#o.Ko.......#.#
#.##.#
#.#.....>...g....####.#
#.##.# #..........#.....#
#.# #.##.#
###.....####.....# #.#
#.##.##


You could see an orc warrior.

Vanquished Creatures
  2 two-headed ogres (D:7)
  A cyclops (D:8)
  Joseph (D:8)
  A gargoyle (D:7)
  A troll (D:9)
  2 hornets (D:9)
  A steam dragon (D:7)
  2 orc warriors
  An ice beast (D:7)
  Duvessa (D:7)
  A black bear (D:8)
  2 ogres
  5 centaurs
  2 phantoms
  2 kobold brigands
  A gnoll sergeant (D:9)
  A scorpion (D:5)
  2 bullfrogs
  3 wights
  Dowan (D:7)
  4 killer bees
  5 howler monkeys
  2 electric eels (D:7)
  4 hounds
  4 orc priests
  3 sleepcaps
  Terence (D:2)
  3 iguanas
  Ijyb (D:3)
  Natasha (thrice) (D:3)
  5 orc wizards
  Robin (D:2)
  11 gnolls
  5 adders
  A shadow imp (D:7)
  An ufetubus (D:5)
  A worm (D:5)
  4 dart slugs
  18 orcs
  6 endoplasms
  A giant cockroach (D:3)
  15 goblins
  4 hobgoblins
  6 quokkas
  13 ball pythons
  4 bats
  3 frilled lizards (D:1)
  14 kobolds
  6 rats
182 creatures vanquished.

Vanquished Creatures (others)
  Edmund (D:4)
  A centaur (D:6)
  An endoplasm (D:4)
  A butterfly (D:4)
  110 plants
114 creatures vanquished.

Grand Total: 296 creatures vanquished

Notes
Turn   | Place    | Note
-------+----------+-------------------------------------------
     0 | D:1      | 2tc the Demonspawn Gladiator began the quest for the Orb.
     0 | D:1      | Reached XP level 1. HP: 16/16 MP: 1/1
   159 | D:1      | Reached skill level 3 in Staves
   231 | D:1      | Gained mutation: Your demonic aura sometimes causes spilled
                  | blood to erupt in flames. [demonic ancestry]
   231 | D:1      | Reached XP level 2. HP: 22/22 MP: 2/2
   689 | D:1      | Gained mutation: Your movements are slightly less
                  | encumbered by armour. (ER -2) [demonic ancestry]
   689 | D:1      | Reached XP level 3. HP: 22/27 MP: 3/3
   769 | D:2      | Found Amor's Jewellery Boutique.
   773 | D:2      | Found a bloodstained altar of Trog.
   788 | D:2      | Found Jadu's Magic Scroll Boutique.
   801 | D:2      | Bought a scroll of teleportation for 33 gold pieces
   878 | D:2      | Reached skill level 4 in Staves
  1028 | D:2      | Noticed Robin
  1086 | D:2      | Killed Robin
  1220 | D:2      | Found Qety's General Store.
  1226 | D:2      | Gained mutation: You are partially covered in sharp spines.
                  | [demonic ancestry]
  1226 | D:2      | Reached XP level 4. HP: 32/33 MP: 4/4
  1330 | D:2      | Found Qedwoytz's Armour Emporium.
  1384 | D:2      | Noticed Terence
  1420 | D:2      | Killed Terence
  1690 | D:2      | Found a faded altar of an unknown god.
  1979 | D:3      | Found Wausi's Antique Weapon Boutique.
  1996 | D:3      | Reached skill level 5 in Staves
  2234 | D:3      | Reached XP level 5. HP: 12/38 MP: 5/5
  2238 | D:3      | HP: 1/38 [orc priest/divine providence (9)]
  2674 | D:3      | Noticed Natasha
  2678 | D:3      | Killed Natasha
  2706 | D:3      | Identified the +4 ring mail "Zedghol" {Will+ MP+9 Str-2
                  | Dex+3}
  2747 | D:3      | Noticed Ijyb
  2791 | D:3      | Reached skill level 6 in Staves
  2871 | D:3      | Noticed Natasha
  2881 | D:3      | Killed Natasha
  3295 | D:3      | Noticed Natasha
  3504 | D:3      | Killed Ijyb
  3505 | D:3      | Reached XP level 6. HP: 24/32 MP: 6/6
  3719 | D:3      | Killed Natasha
  3754 | D:4      | Found an opulent altar of Gozag.
  4037 | D:4      | Reached skill level 7 in Staves
  4062 | D:4      | Noticed Edmund
  4074 | D:4      | Killed Edmund
  4317 | D:4      | Reached XP level 7. HP: 48/50 MP: 7/7
  4392 | D:4      | Found a bloodstained altar of Trog.
  4392 | D:4      | Found a snail-covered altar of Cheibriados.
  4442 | D:5      | Entered Level 5 of the Dungeon
  4639 | D:5      | Found a staircase to the Ecumenical Temple.
  4729 | D:5      | Reached skill level 8 in Staves
  4739 | Temple   | Entered the Ecumenical Temple
  5264 | D:5      | Found Doorch's Armour Shop.
  6343 | D:6      | Reached skill level 9 in Staves
  6343 | D:6      | Reached XP level 8. HP: 42/56 MP: 8/8
  7419 | D:6      | Identified the +1 pair of boots "Cogex" {rF+}
  7515 | D:7      | Noticed a gargoyle
  8039 | D:7      | Reached skill level 10 in Staves
  8204 | D:7      | Killed a gargoyle
  8205 | D:7      | Reached skill level 11 in Staves
  8521 | D:7      | Noticed Duvessa
  8521 | D:7      | Noticed Dowan
  8526 | D:7      | Killed Dowan
  8527 | D:7      | Reached XP level 9. HP: 61/61 MP: 9/9
  8533 | D:7      | Killed Duvessa
  8728 | D:7      | Found a transporter.
  8779 | D:7      | Noticed Termiter's ghost (novice DsNe)
  9007 | D:7      | Noticed a two-headed ogre
  9120 | D:7      | Found a bloodstained altar of Trog.
  9123 | D:7      | Found a transporter.
  9139 | D:7      | Noticed a moth of wrath
  9154 | D:7      | Noticed a two-headed ogre
  9154 | D:7      | Found the +6 shillelagh "Devastator" {shatter}
  9209 | D:7      | HP: 3/61 [two-headed ogre/+0 giant club (6)]
  9655 | D:8      | Reached skill level 1 in Armour
  9665 | D:8      | Noticed a cyclops
 10161 | D:8      | Reached skill level 12 in Staves
 10412 | D:8      | Killed a cyclops
 10413 | D:8      | Reached skill level 5 in Armour
 10655 | D:7      | Killed a two-headed ogre
 10656 | D:7      | Gained mutation: You have a small tail. [demonic ancestry]
 10656 | D:7      | Reached XP level 10. HP: 17/67 MP: 10/10
 10863 | D:7      | Killed a two-headed ogre
 10864 | D:7      | Reached skill level 5 in Dodging
 11007 | D:8      | Found a radiant altar of Vehumet.
 11367 | D:8      | Noticed Joseph
 11404 | D:8      | Killed Joseph
 11898 | D:8      | Learned a level 3 spell: Vampiric Draining
 11949 | D:9      | Reached skill level 5 in Throwing
 12339 | D:9      | Paralysed by a hornet for 2 turns
 12983 | D:9      | Found a staircase to the Lair.
 13183 | D:9      | Found a staircase to the Orcish Mines.
 13192 | D:9      | Reached skill level 1 in Evocations
 13402 | D:9      | HP: 3/67 [orc warrior/+0 war axe (5)]
 13407 | D:9      | Slain by an orc warrior

Illustrated notes

Levels and vault maps discovered:
D:1:      minmay_arrival_shattered_statue, layout_loops_ring
D:2:      layout_basic, serial_rivers, chequers_serial_rivers_small_b,
          chequers_serial_rivers_small_3, chequers_serial_rivers_room_b,
          chequers_serial_rivers_micro_b, nicolae_ecumenical_snake_handling,
          serial_shops, shop, nicolae_shop_tiny_waterfront,
          nicolae_shop_waterfront, shop, basic_altar, uniq_robin, uniq_terence
D:3:      layout_loops_ring, serial_shops, nicolae_shop_peninsula,
          reono_crystal_passage, serial_bayou_lagoon_a,
          dreamdust_princess_corridor, hangedman_decor_riveting, st_stairs_13,
          kennysheep_generic_room_11, uniq_ijyb, uniq_natasha
D:4:      layout_rooms, nicolae_overflow_two_pavilions,
          nicolae_gozag_seed_capital, nicolae_elyvilon_peaceful_grove,
          lemuel_flame_loot_1, uniq_edmund
D:5:      layout_loops_cross, minmay_temple_entry_offerings, serial_shops, shop
D:6:      nicolae_whirlpool, layout_cave_pods
D:7:      wad_woods_pond, layout_loops_ring, gammafunk_ghost_wrathful_warriors,
          dilly_guarded_unrand_devastator, uniq_duvessa
D:8:      layout_loops_ring, lemuel_tele_altar, uniq_joseph
D:9:      layout_basic, mainiacjoe_overflow_catwalk, lair_entry_dummy,
          kennysheep_orc_monster_closet_entryway
Temple:   minmay_temple_forest_path

Skill      XL: |  1  2  3  4  5  6  7  8  9 10 |
---------------+-------------------------------+-----
Staves         | 3 4 5 6 7 9 11 12 | 12.0
Armour         | 5 |  5.0
Dodging        | 4 5 |  5.0
Throwing       | 6 |  6.0
Evocations     | 1 |  1.4
Fighting       | |  2.0
Necromancy     | |  0.7

Action                     |  1- 3 |  4- 6 |  7- 9 | 10-12 || total
---------------------------+-------+-------+-------+-------++-------
  Melee: Quarterstaff      |    96 |   116 |    83 |       ||   295
         Staff             |       |       |   216 |   133 ||   349
         Punch             |       |       |     5 |     4 ||     9
         Tailslap          |       |       |       |    21 ||    21
  Throw: Stone             |     8 |    30 |    45 |       ||    83
         Throwing net      |       |     1 |       |     2 ||     3
         Boomerang         |       |    19 |    40 |    23 ||    82
         Dart              |       |       |    10 |    44 ||    54
         Javelin           |       |       |       |     4 ||     4
  Evoke: Wand              |       |       |    17 |     3 ||    20
    Use: Scroll            |     5 |     7 |     9 |     3 ||    24
         Potion            |       |     2 |     7 |     1 ||    10
   Stab: Sleeping          |       |     3 |     1 |       ||     4
         Distracted        |       |       |       |     1 ||     1
 Armour: Leather armour    |    31 |    35 |    77 |    40 ||   183
         Skin              |       |       |       |     9 ||     9
  Dodge: Dodged            |    57 |    49 |   176 |    71 ||   353
